 Dungeon Crawl Stone Soup version 0.31-a0-233-g139696dc86 (webtiles) character file.

Game seed: 11914692365311939532

72 qw the Shooter (level 4, -1/36 HPs)
             Began as a Minotaur Hexslinger on July 8, 2023.
             Slain by Natasha (8 damage)
             ... on level 2 of the Dungeon.
             The game lasted 00:00:36 (1207 turns).

qw the Shooter (Minotaur Hexslinger)                Turns: 1207, Time: 00:00:36

Health: -1/36      AC:  5    Str: 12    XL:     4   Next: 7%
Magic:  4/4        EV: 11    Int: 10    God:
Gold:   1129       SH:  0    Dex: 15    Spells: 4/5 levels left

rFire   . . .        Y - +1 sling
rCold   + . .        (no shield)
rNeg    . . .        l - +0 ring mail {rC+}
rPois   +            (helmet restricted)
rElec   .            (no cloak)
rCorr   .            (no gloves)
SInv    .            (no boots)
Will    .....        (no amulet)
Stlth   +            d - ring of poison resistance
HPRegen 0.26/turn    (no ring)
MPRegen 0.09/turn

%: no passive effects
@: slowed, very slow
A: horns 2, retaliatory headbutt
a: no special abilities


You were on level 2 of the Dungeon.
You visited 1 branch of the dungeon, and saw 2 of its levels.

You collected 1129 gold pieces.


Innate Abilities, Weirdness & Mutations

You have a pair of horns on your head.
You reflexively headbutt those who attack you in melee.


   Skills:
 - Level 2.1 Fighting
 + Level 4.2 Ranged Weapons
 - Level 1.4 Armour
 - Level 2.1 Dodging
 - Level 1.0 Spellcasting
 - Level 2.0 Hexes


You had 4 spell levels left.
You knew the following spells:

 Your Spells              Type           Power      Damage    Failure   Level
a - Slow                  Hex            16%        N/A       32%         1

Your spell library contained the following spells:

 Spells                   Type           Power      Damage    Failure   Level
 Inner Flame              Hex/Fire       2%         N/A       83%         3
 Portal Projectile        Hex/Tloc       4%         N/A       83%         3
 Cause Fear               Hex            2%         N/A       97%         4

Inventory:

Hand Weapons
 Y - a +1 sling (weapon)
Armour
 l - a +0 ring mail of cold resistance (worn)
Jewellery
 d - a ring of poison resistance (left hand)
Scrolls
 b - a scroll of enchant armour {unknown}
 c - a scroll of identify
Potions
 a - a potion of magic {unknown}
 g - a potion of haste {unknown}
 i - 2 potions of might {unknown}

Dungeon Overview and Level Annotations

Branches:
Dungeon (2/15)

Altars:

Annotations:
D:2 Natasha


Message History

You shoot a sling bullet. The sling bullet hits the endoplasm.
The endoplasm is moderately wounded.
The bat hits you but does no damage.
Natasha casts a spell.
You shoot a sling bullet.
The sling bullet hits the bat but does no damage.
The bat is moderately wounded.
The bat closely misses you.
You shoot a sling bullet. The sling bullet misses the bat.
The sling bullet hits the endoplasm.
The endoplasm is heavily wounded.
The bat closely misses you.
The cerulean imp hits you but does no damage.
Natasha mewls in sadness.
Natasha claws you.
You shoot a sling bullet. The sling bullet barely misses Natasha.
The sling bullet hits the endoplasm but does no damage.
The endoplasm is heavily wounded.
The cerulean imp hits you from afar with a +2 spear.
Natasha closely misses you. You furiously retaliate!
You headbutt Natasha. You shoot a sling bullet. The sling bullet hits Natasha.
Natasha is heavily wounded.
The cerulean imp hits you but does no damage.
Natasha claws you!
You shoot a sling bullet.
The sling bullet completely misses Natasha.
The sling bullet hits the endoplasm but does no damage.
The endoplasm is heavily wounded.
The cerulean imp hits you from afar with a +2 spear.
Natasha closely misses you. The cerulean imp barely misses you.
Natasha casts a spell at you.
You feel yourself slow down.
You shoot a sling bullet. The sling bullet barely misses Natasha.
The sling bullet hits the endoplasm.
You kill the endoplasm!
The cerulean imp hits you from afar with a +2 spear.
Natasha claws you!
The cerulean imp hits you from afar with a +2 spear.
Natasha claws you!
You die...

##### ##########...#
##########.#.#
#######....#.#
#######.####.# ****##
....###.<#..(### *,,..#
.##.##.........# *,.).#
.#..%..........###5...#
.[..%..........'@hb.>.#
.#####%........###.[..#
.#####.........# *,...#
.#####.........# *,,..#
.#####.........# *,,,.#
.#...#.........# ***+*#
.#.#.########### *.#**
:..#.########## *..,*
..............# #.#,*
***


You could see Natasha, a cerulean imp (summoned) and a bat.

Vanquished Creatures
  2 adders (D:2)
  6 bats
  4 endoplasms
  A giant cockroach (D:2)
  5 goblins
  3 hobgoblins (D:1)
  13 jackals
  8 kobolds
  A quokka (D:1)
  2 ball pythons
  4 frilled lizards
  2 rats
51 creatures vanquished.

Notes
Turn   | Place    | Note
-------+----------+-------------------------------------------
     0 | D:1      | qw the Minotaur Hexslinger began the quest for the Orb.
     0 | D:1      | Reached XP level 1. HP: 16/16 MP: 1/1
     0 | D:1      | 0 ||| qw: Version: 0.3-a-46-gb1f654a
     0 | D:1      | 0 ||| qw: Game counter: 3503
     0 | D:1      | 0 ||| qw: Melee chars always use a shield: true
     0 | D:1      | 0 ||| qw: God list: Okawaru
     0 | D:1      | 0 ||| qw: Allow faded altars: false
     0 | D:1      | 0 ||| qw: Do Orc after clearing Dungeon:15 true
     0 | D:1      | 0 ||| qw: Do second Lair branch before Depths: true
     0 | D:1      | 0 ||| qw: Lair rune preference: random
     0 | D:1      | 0 ||| qw: Goals: Normal
     0 | D:1      | 0 ||| PLANNING D:1-11
    71 | D:1      | Reached skill level 3 in Ranged Weapons
    88 | D:1      | Reached XP level 2. HP: 18/23 MP: 2/2
   123 | D:1      | HP: 6/24 [frozen (2)]
   459 | D:1      | Reached XP level 3. HP: 24/29 MP: 3/3
   690 | D:1      | You fall into a shaft and drop 1 floor!
   767 | D:2      | 767 ||| UPGRADING to +0 ring mail of cold resistance.
   777 | D:2      | 777 ||| DROPPING +0 robe.
   778 | D:2      | 778 ||| UPGRADING to ring of poison resistance.
   779 | D:2      | 779 ||| READING scroll labelled RODGHOE SA CUE.
   780 | D:2      | 780 ||| READING scroll labelled QAUNOI URUSIL.
   784 | D:2      | 784 ||| READING scroll labelled DYUNGI XAOTI.
   785 | D:2      | 785 ||| READING scroll labelled CIMOPSYIZI.
   786 | D:2      | 786 ||| READING scroll labelled MIONGOP FUALEY.
   787 | D:2      | 787 ||| DROPPING scroll of poison.
   821 | D:2      | Reached skill level 4 in Ranged Weapons
   985 | D:1      | 985 ||| READING scroll labelled POANKE ZESOQO.
   985 | D:1      | Identified a scroll of acquirement
   985 | D:1      | 985 ||| ACQUIRING 972 gold pieces
   985 | D:1      | Acquired 972 gold pieces
  1012 | D:2      | Reached skill level 1 in Armour
  1092 | D:2      | Reached XP level 4. HP: 36/36 MP: 4/4
  1200 | D:2      | Noticed Natasha
  1207 | D:2      | HP: 8/36 [Natasha (8)]
  1207 | D:2      | Slain by Natasha

Levels and vault maps discovered:
D:1:      wander_arrival_fairy_ring, layout_basic, dreamdust_wishing_well,
          minivault_24
D:2:      layout_basic, uniq_natasha

Skill      XL: |  1  2  3 |
---------------+----------+-----
Ranged Weapons | 3 4 |  4.2
Fighting       | 2 |  2.1
Armour         | 1 |  1.4
Dodging        | |  2.1
Spellcasting   | |  1.0
Hexes          | |  2.0

Action                     |  1- 3 |  4- 6 || total
---------------------------+-------+-------++-------
   Fire: Sling             |   144 |    19 ||   163
    Use: Scroll            |     6 |       ||     6
 Armour: Robe              |    15 |       ||    15
         Ring mail         |    12 |     9 ||    21
  Dodge: Dodged            |    60 |    13 ||    73

Table legend:
 A = Non-vault XP
 B = Vault XP
 C = Vault XP percentage of total XP
 D = Non-vault monster count
 E = Vault monster count
 F = Vault count percentage of total count
                 A         B        C        D         E       F
            +---------+---------+-------+---------+---------+-------
      Total |     106 |       0 |   0.0 |      51 |       0 |   0.0
            +---------+---------+-------+---------+---------+-------
        D:1 |      54 |       0 |   0.0 |      34 |       0 |   0.0
        D:2 |      52 |       0 |   0.0 |      17 |       0 |   0.0
            +---------+---------+-------+---------+---------+-------
